 Dungeon Crawl Stone Soup version 0.17-a0-1760-ga6756ae (webtiles) character file.

1826 poirepourri the Thaumaturge (level 8, -4/41 HPs)
             Began as a Deep Elf Fire Elementalist on Sept 3, 2015.
             Splashed by an oklob plant's acid (13 damage)
             ... on level 5 of the Dungeon.
             The game lasted 00:17:54 (7430 turns).

poirepourri the Thaumaturge (DEFE)                  Turns: 7430, Time: 00:17:55

Health: -4/41      AC:  5    Str:  5    XL:     8   Next: 86%
Magic:  17/22      EV: 14    Int: 27    God:
Gold:   340        SH:  5    Dex: 15    Spells: 2 memorised, 21 levels left

rFire  . . .     SeeInvis .     h - +0 short sword
rCold  . . .     Clarity  +     a - +0 robe
rNeg   . . .     SustAt   .     e - +1 buckler
rPois  .         Gourm    .     m - +1 helmet
rElec  .         Spirit   .     (no cloak)
rCorr  .         Warding  .     c - +0 pair of gloves
rMut   .         Stasis   .     (no boots)
MR     .....                    d - amulet of clarity
Stlth  +++.......               (no ring)
                                j - +4 ring of intelligence

@: not resistant to hostile enchantments, fairly stealthy
A: no striking features
a: no special abilities


You were on level 5 of the Dungeon.
You were not hungry.

You visited 1 branch of the dungeon, and saw 5 of its levels.

You collected 340 gold pieces.

Inventory:

Hand weapons
 h - a +0 short sword (weapon)
Armour
 a - a +0 robe (worn)
 c - a +0 pair of gloves (worn)
 e - a +1 buckler (worn)
 m - a +1 helmet (worn)
Jewellery
 d - an amulet of clarity (around neck)
 j - a +4 ring of intelligence (left hand)
 l - an uncursed amulet of rage
Scrolls
 i - 2 scrolls of enchant weapon
 k - 2 scrolls of remove curse
 q - 2 scrolls of recharging
 s - 3 scrolls of identify
Potions
 f - a potion of brilliance
 g - a potion of haste
 n - a potion of poison {unknown}
Books
 b - a book of Flames

   Spells                             Type                      Level
   a - Flame Tongue                   Conjuration/Fire             1
   b - Throw Flame                    Conjuration/Fire             2
   c - Conjure Flame                  Conjuration/Fire             3
   d - Inner Flame                    Hexes/Fire                   3
   e - Sticky Flame                   Conjuration/Fire             4
   f - Fireball                       Conjuration/Fire             5
Comestibles
 o - 3 fruits
 p - 2 bread rations


   Skills:
 - Level 0.1 Fighting
 + Level 5.0 Dodging
 + Level 3.7 Stealth
 + Level 0.5 Shields
 + Level 8.8 Spellcasting
 + Level 6.7 Conjurations
 + Level 7.1 Fire Magic


You had 21 spell levels left.
You knew the following spells:

 Your Spells              Type           Power        Failure   Level  Hunger
a - Flame Tongue          Conj/Fire      #####        1%          1    None
b - Throw Flame           Conj/Fire      #####.       1%          2    None


Dungeon Overview and Level Annotations

Branches:
Dungeon (5/15)
 Temple: D:4-7

Altars:
Fedhas
Zin

Annotations:
D:5 exclusion: oklob plant


Message History

Casting: Flame Tongue
Confirm with . or Enter, or press ? or * to list all spells.
Aiming: Flame Tongue
Press: ? - help, Shift-Dir - straight line, f - oklob plant
Aim: an oklob plant The flame tongue hits the oklob plant.
The oklob plant appears unharmed.
The oklob plant spits acid at you. The splash of acid hits you!
The acid burns!
Casting: Flame Tongue
Confirm with . or Enter, or press ? or * to list all spells.
Aiming: Flame Tongue
Press: ? - help, Shift-Dir - straight line, f/p - oklob plant
Aim: an oklob plant The flame tongue hits the oklob plant.
The oklob plant is lightly damaged.
The oklob plant spits acid at you. The splash of acid hits you!
* * * LOW HITPOINT WARNING * * *
The acid burns!
You die...

..≈≈≈≈..†≈≈≈≈.PP.P#
..#
P.≈≈≈≈._.≈≈≈≈.P#P##
.≈≈≈≈...≈≈≈≈.##PP#
≈≈≈≈.≈≈≈≈≈.##PP#
≈≈≈≈.≈≈≈≈..PP#P#
.≈≈≈.≈≈≈...#.P##
..≈≈.≈≈....PPP.#
P.......P#PP##P#
##P#PP..PPPP@%##
#P.##PP.%%%.PP#


PPP#PP.PPPP%P#P# PP##PPPPP##P#P.# # ################ # #...## ..# # ##...###.#
#.....(.## ##.......# You could see an oklob plant.

Vanquished Creatures
  A two-headed ogre (D:4)
  A water moccasin (D:5)
  An orc warrior (D:4)
  3 ogres (D:4)
  An ice beast (D:5)
  A phantom (D:5)
  A centaur (D:5)
  3 scorpions
  5 wights (D:3)
  A hound (D:5)
  3 orc wizards
  A gnoll shaman (D:4)
  3 orc priests
  A giant frog skeleton (D:4)
  4 worker ants
  7 adders
  6 gnolls (D:4)
  5 oozes
  4 worms
  15 orcs
  A ball python (D:2)
  A giant cockroach (D:1)
  3 hobgoblins
  6 jackals
  5 kobolds
  9 bats
  A giant gecko skeleton (D:4)
  5 giant newts
  8 goblins
  3 quokkas
  8 rats
  A fungus (D:5)
118 creatures vanquished.

Vanquished Creatures (others)
  An adder (D:2)
  2 jackals (D:2)
3 creatures vanquished.

Grand Total: 121 creatures vanquished

Notes
Turn   | Place    | Note
--------------------------------------------------------------
     0 | D:1      | poirepourri the Deep Elf Fire Elementalist began the quest for the Orb.
     0 | D:1      | Reached XP level 1. HP: 10/10 MP: 6/6
   152 | D:1      | Reached XP level 2. HP: 9/15 MP: 1/8
   243 | D:1      | Learned a level 2 spell: Throw Flame
   388 | D:1      | Reached skill level 4 in Fire Magic
   770 | D:1      | Reached XP level 3. HP: 19/19 MP: 4/9
  2301 | D:3      | Reached XP level 4. HP: 24/24 MP: 7/11
  2341 | D:3      | Found a glowing silver altar of Zin.
  3095 | D:3      | Reached XP level 5. HP: 28/28 MP: 8/13
  3564 | D:3      | Reached skill level 5 in Fire Magic
  3564 | D:3      | Reached XP level 6. HP: 32/32 MP: 0/15
  3590 | D:3      | Reached skill level 5 in Spellcasting
  4706 | D:4      | Reached skill level 6 in Spellcasting
  4706 | D:4      | Reached XP level 7. HP: 36/36 MP: 10/18
  5495 | D:4      | Reached skill level 7 in Spellcasting
  5545 | D:4      | Noticed a two-headed ogre
  5584 | D:4      | Killed a two-headed ogre
  5584 | D:4      | Reached skill level 5 in Conjurations
  5584 | D:4      | Reached XP level 8. HP: 11/41 MP: 15/21
  6282 | D:5      | Entered Level 5 of the Dungeon
  6324 | D:5      | Found a sand-covered staircase.
  6546 | D:5      | Reached skill level 5 in Dodging
  6546 | D:5      | Reached skill level 8 in Spellcasting
  7372 | D:5      | Found a blossoming altar of Fedhas.
  7391 | D:5      | Noticed an oklob plant
  7430 | D:5      | Splashed by an oklob plant's acid

Vault maps used:
D:1:      erik_arrival_gehennom, minmay_strange_pillars, dk_noncrumbling_4
D:2:      minivault_23, lemuel_old_faithful
D:3:      nicolae_overflow_crystal_walls, minmay_unequal
D:5:      lightli_temple_of_fire, tgw_fedhas, first_bread,
          nicolae_ossuary_entry_false_entrances, lemuel_flame_loot_1

Action                   |  1- 3 |  4- 6 |  7- 9 || total
-------------------------+-------+-------+-------++-------
Melee: Unarmed           |    11 |    20 |       ||    31
       Short sword       |       |       |    18 ||    18
 Cast: Flame Tongue      |    36 |    34 |    61 ||   131
       Throw Flame       |    43 |    67 |    84 ||   194
  Use: Potion            |     2 |     4 |     2 ||     8
       Scroll            |     3 |     5 |     6 ||    14
  Eat: Fruit             |     1 |     1 |       ||     2
       Bread ration      |     1 |     1 |       ||     2
       Beef jerky        |       |     1 |       ||     1
       Meat ration       |       |     1 |     1 ||     2
